 Dungeon Crawl Stone Soup version 0.29.0-4-gdea44cf6ec (webtiles) character file.

Game seed: 9705655319707187401

22606 qw the Severer (level 12, -27/112 HPs)
             Began as a Minotaur Berserker on Sept 4, 2022.
             Was an Elder of Trog.
             Killed from afar by an oklob plant (30 damage)
             ... with a splash of acid
             ... on level 3 of the Lair of Beasts.
             The game lasted 00:04:41 (15248 turns).

qw the Severer (Minotaur Berserker)                Turns: 15248, Time: 00:04:41

Health: -27/112    AC:  5    Str: 27    XL:     12   Next: 64%
Magic:  11/11      EV:  9    Int:  4    God:    Trog [****..]
Gold:   278        SH: 16    Dex: 10    Spells: 11/11 levels left

rFire   + + .      SeeInvis .   Y - +4 war axe
rCold   + . .      Faith    .   x - +0 kite shield
rNeg    . . .      Spirit   .   u - +1 chain mail {rPois}
rPois   +          Reflect  +   (helmet restricted)
rElec   .          Harm     .   y - +0 cloak {rF+}
rCorr   .          Rampage  .   o - +1 pair of gloves
Will    .....                   p - +0 pair of boots
Stlth   ..........              c - amulet of reflection
HPRegen 0.28/turn               w - ring of protection from cold
MPRegen 0.12/turn               r - ring of protection from fire

@: about to teleport, corroded, on berserk cooldown, slowed, very slow
A: horns 2, retaliatory headbutt
a: Renounce Religion, Berserk, Trog's Hand, Brothers in Arms


You were on level 3 of the Lair of Beasts.
You worshipped Trog.
Trog was greatly pleased with you.
You visited 2 branches of the dungeon, and saw 12 of its levels.

You collected 554 gold pieces.
You spent 276 gold pieces at shops.


Innate Abilities, Weirdness & Mutations

You have a pair of horns on your head.
You reflexively headbutt those who attack you in melee.


   Skills:
 - Level 12.0 Fighting
 - Level 16.0 Axes
 - Level 4.3 Throwing
 + Level 9.6 Armour
 - Level 4.3 Dodging
 - Level 12.0 Shields


You had 11 spell levels left.
You didn't know any spells.
Your spell library was empty.

Inventory:

Hand Weapons
 v - a +4 morningstar
 Y - a +4 war axe (weapon)
Missiles
 f - 10 boomerangs (quivered)
Armour
 j - a +0 plate armour
 l - a +0 chain mail of fire resistance
 o - a +1 pair of gloves (worn)
 p - a +0 pair of boots (worn)
 u - a +1 chain mail of poison resistance (worn)
 x - a +0 kite shield (worn)
 y - a +0 cloak of fire resistance (worn)
Jewellery
 c - an amulet of reflection (around neck)
 h - a ring of fire
 r - a ring of protection from fire (right hand)
 w - a ring of protection from cold (left hand)
Scrolls
 e - 2 scrolls of identify
 t - 3 scrolls of teleportation
Potions
 a - 3 potions of heal wounds
 b - 6 potions of might
 d - a potion of haste
 g - 2 potions of mutation
 i - 7 potions of curing

Dungeon Overview and Level Annotations

Branches:
Dungeon (9/15)             Temple (0/1) D:7            Lair (3/5) D:9
 Shoals (0/4) Lair:2       Spider (0/4) Lair:2
    Orc: D:9-12

Altars:
Cheibriados
Fedhas
Gozag
Hepliaklqana
Makhleb
Qazlal
Ru
Sif Muna
Trog
Yredelemnul
The Shining One
Jiyva

Shops:
D:1 :   D:4 :   D:5 (   D:8 *

Annotations:
D:8 2 transporters, qw's ghost, novice TrCA
Lair:2 3 runed translucent doors, qw's ghost, journeyman TrCA


Message History

You headbutt the water moccasin, but do no damage.
You barely miss the water moccasin.
The water moccasin is almost dead.
You hit the water moccasin.
Your headbutt misses the water moccasin.
The water moccasin is almost dead.
You block the water moccasin's attack.
You slash the water moccasin!
You kill the water moccasin!
Trog accepts your kill. 2 oklob plants come into view.
Found a twisted diamond ring.
You see here a dream sheep corpse.
You feel a strong urge to attack something.
The oklob plant spits acid at you. The splash of acid hits you!
The acid corrodes you!
You hit the oklob plant but do no damage.
The oklob plant spits acid at you.
The splash of acid reflects off an invisible shield around you!
The splash of acid hits the oklob plant.
The oklob plant completely resists.
You hit the oklob plant.
The oklob plant is lightly damaged.
You hit the oklob plant but do no damage.
The oklob plant is lightly damaged.
You slash the oklob plant!
The oklob plant is moderately damaged.
You slash the oklob plant!
The oklob plant is moderately damaged.
You are no longer berserk.
You are exhausted.
You feel yourself slow down.
15248 ||| READING 4 scrolls of teleportation.
As you read the scroll of teleportation, it crumbles to dust.
You feel strangely unstable. The oklob plant spits acid at you.
The splash of acid hits you! The acid corrodes you!
The oklob plant spits acid at you. The splash of acid hits you!!
You die...

... ... ......P .....#
.... ##..#######
#....)..P.# #.
#...$....#
.....##..####...P[..P#
#PPP..........%.@.|.==#
........#..##.%....!=P#
....P..#.# #...#######
...... # ##....# ....#
#.....## ....#..##
##.....#
....#...#####....##
....#......##....#
....#............#


You could see 4 oklob plants.

Vanquished Creatures
  A hydra (Lair:3)
  Erolcha (D:9)
  A two-headed ogre (D:6)
  Pikel (D:7)
  A wolf spider (Lair:2)
  A manticore (Lair:2)
  10 elephants
  8 cane toads
  2 komodo dragons (Lair:2)
  Maggie (D:6)
  A merfolk (D:9)
  A meliai (Lair:2)
  A wind drake (Lair:2)
  A dream sheep (Lair:3)
  4 blink frogs (Lair:3)
  A wraith (D:6)
  A wyvern (D:8)
  26 yaks
  A basilisk (Lair:1)
  A steam dragon (D:6)
  Menkaure (D:7)
  2 wargs (D:9)
  An acid dragon (D:9)
  3 water moccasins
  Duvessa (D:7)
  4 black bears
  7 ice beasts
  A sky beast (D:6)
  3 orc warriors
  An ogre (D:7)
  15 wolves
  2 lemures (D:7)
  14 bullfrogs
  A phantom (D:5)
  A kobold brigand (D:9)
  3 scorpions
  A gnoll sergeant (D:6)
  17 wights
  Dowan (D:7)
  3 killer bees
  7 electric eels
  A howler monkey (D:6)
  An iron imp (D:5)
  2 hounds (D:4)
  4 orc priests
  2 gnoll boudas
  2 jellies (D:6)
  Terence (D:2)
  5 iguanas
  9 orc wizards
  17 gnolls
  10 adders
  3 white imps
  2 worms
  2 dart slugs
  25 orcs
  6 ball pythons
  4 bats
  8 endoplasms
  5 giant cockroaches
  5 goblins
  6 hobgoblins
  11 jackals
  8 kobolds
  9 quokkas
  3 training dummies (D:5)
  2 frilled lizards
  A hobgoblin zombie (D:5)
  A kobold skeleton (D:5)
  2 kobold zombies (D:5)
  An orc skeleton (D:5)
  2 rats (D:1)
  2 spectral orcs
316 creatures vanquished.

Vanquished Creatures (others)
  4 fungi
  35 plants
39 creatures vanquished.

Grand Total: 355 creatures vanquished

Notes
Turn   | Place    | Note
-------+----------+-------------------------------------------
     0 | D:1      | qw the Minotaur Berserker began the quest for the Orb.
     0 | D:1      | Reached XP level 1. HP: 19/19 MP: 0/0
     0 | D:1      | 0 ||| qw: Version: 0.1-a-103-gd6f5d3a
     0 | D:1      | 0 ||| qw: Game counter: 5693
     0 | D:1      | 0 ||| qw: Always use a shield: true
     0 | D:1      | 0 ||| qw: Do Orc after D:15 true
     0 | D:1      | 0 ||| qw: Do second Lair branch before Depths: true
     0 | D:1      | 0 ||| qw: Lair rune preference: random
     0 | D:1      | 0 ||| qw: Plans: Normal
     0 | D:1      | 0 ||| PLANNING D:1-11
   175 | D:1      | Reached skill level 4 in Axes
   291 | D:1      | 291 ||| Stepping ~*~*~tactically~*~*~ (stealth).
   292 | D:1      | 292 ||| Stepping ~*~*~tactically~*~*~ (stealth).
   306 | D:1      | Reached XP level 2. HP: 14/26 MP: 1/1
   503 | D:1      | Found Gisef's Vocational Training.
   885 | D:1      | 885 ||| Stepping ~*~*~tactically~*~*~ (stealth).
   888 | D:1      | 888 ||| Stepping ~*~*~tactically~*~*~ (stealth).
   889 | D:1      | 889 ||| Stepping ~*~*~tactically~*~*~ (stealth).
   891 | D:1      | Reached skill level 5 in Axes
   892 | D:1      | 892 ||| Stepping ~*~*~tactically~*~*~ (stealth).
   894 | D:1      | 894 ||| Stepping ~*~*~tactically~*~*~ (stealth).
  1015 | D:1      | Reached XP level 3. HP: 31/31 MP: 2/2
  1192 | D:1      | Reached ** piety under Trog
  1282 | D:1      | 1282 ||| UPGRADING to +0 ring mail.
  1292 | D:1      | 1292 ||| DROPPING +0 animal skin.
  1293 | D:1      | 1293 ||| UPGRADING to amulet of reflection.
  1298 | D:1      | 1298 ||| READING scroll labelled WOYSTR AGON.
  1299 | D:1      | 1299 ||| READING scroll labelled DIHEDE ZAME.
  1400 | D:1      | 1400 ||| READING scroll labelled RIRROI POMU.
  1480 | D:2      | Noticed Terence
  1485 | D:2      | 1485 ||| INVOKING Berserk.
  1493 | D:2      | Killed Terence
  1611 | D:2      | Reached skill level 6 in Axes
  1611 | D:2      | Reached XP level 4. HP: 39/39 MP: 3/3
  1611 | D:2      | 1611 ||| DROPPING +0 club.
  1726 | D:2      | Found Misuwn Otamo's Weapon Shop.
  1795 | D:2      | 1795 ||| DROPPING +0 mace.
  1860 | D:2      | Found a faded altar of an unknown god.
  2192 | D:2      | 2192 ||| UPGRADING to +0 chain mail.
  2202 | D:2      | 2202 ||| DROPPING +0 ring mail.
  2203 | D:2      | 2203 ||| READING scroll labelled NACOYH RAWELUF.
  2204 | D:2      | 2204 ||| READING scroll labelled CIYSUU CAXT.
  2205 | D:2      | 2205 ||| READING scroll labelled ZUDOLL DUBUET.
  2206 | D:2      | 2206 ||| READING scroll labelled NEFEXT PAATO.
  2207 | D:2      | 2207 ||| READING scroll labelled UNAWNA QARIYPP.
  2208 | D:2      | 2208 ||| DRINKING 2 dark potions.
  2209 | D:2      | 2209 ||| Stepping randomly (stuck).
  2210 | D:2      | 2210 ||| Stepping ~*~*~tactically~*~*~ (cloud).
  2440 | D:3      | 2440 ||| INVOKING Berserk.
  2581 | D:3      | Found a basalt altar of Yredelemnul.
  2803 | D:3      | Reached XP level 5. HP: 43/45 MP: 4/4
  2821 | D:3      | Reached skill level 7 in Axes
  3001 | D:3      | 3001 ||| Stepping ~*~*~tactically~*~*~ (stealth).
  3002 | D:3      | 3002 ||| Stepping ~*~*~tactically~*~*~ (stealth).
  3249 | D:3      | 3249 ||| READING scroll labelled RAOLLY ZOYN.
  3250 | D:3      | 3250 ||| READING 2 scrolls labelled KEDGHEOCEUG.
  3251 | D:3      | 3251 ||| READING 3 scrolls labelled YTUMAU APHIFRAPUU.
  3252 | D:3      | 3252 ||| DRINKING 2 purple potions.
  3253 | D:3      | 3253 ||| READING 2 scrolls of identify.
  3253 | D:3      | 3253 ||| IDENTIFYING puce potion
  3254 | D:3      | 3254 ||| DROPPING scroll of magic mapping.
  3255 | D:3      | 3255 ||| DROPPING 2 scrolls of blinking.
  3292 | D:4      | 3292 ||| STAIRDANCE
  3609 | D:4      | Found Yroek's Self-Improvement Boutique.
  3718 | D:4      | 3718 ||| Stepping ~*~*~tactically~*~*~ (stealth).
  4119 | D:4      | 4119 ||| UPGRADING to +0 plate armour.
  4129 | D:4      | 4129 ||| DROPPING +0 chain mail.
  4130 | D:4      | 4130 ||| UPGRADING to +0 pair of gloves.
  4135 | D:4      | 4135 ||| UPGRADING to +0 pair of boots.
  4140 | D:4      | 4140 ||| READING scroll labelled FIMIV MAXZI.
  4141 | D:4      | 4141 ||| READING scroll labelled KOCVOD HAMU.
  4179 | D:5      | Entered Level 5 of the Dungeon
  4180 | D:5      | 4180 ||| PLANNING SEWER
  4192 | D:5      | Reached skill level 3 in Armour
  4192 | D:5      | Reached XP level 6. HP: 41/52 MP: 5/5
  4288 | D:5      | 4288 ||| Stepping ~*~*~tactically~*~*~ (stealth).
  4304 | D:5      | 4304 ||| Stepping ~*~*~tactically~*~*~ (stealth).
  4305 | D:5      | 4305 ||| Stepping ~*~*~tactically~*~*~ (stealth).
  4305 | D:5      | Noticed an ice beast
  4306 | D:5      | 4306 ||| Stepping ~*~*~tactically~*~*~ (stealth).
  4307 | D:5      | 4307 ||| INVOKING Berserk.
  4311 | D:5      | Killed an ice beast
  4312 | D:5      | Reached skill level 8 in Axes
  4390 | D:5      | Reached skill level 9 in Axes
  4435 | D:5      | Noticed an ice beast
  4438 | D:5      | 4438 ||| INVOKING Berserk.
  4443 | D:5      | Killed an ice beast
  4444 | D:5      | Reached XP level 7. HP: 59/59 MP: 6/6
  4570 | D:5      | 4570 ||| INVOKING Berserk.
  4700 | D:5      | Found a glowing golden altar of the Shining One.
  4736 | D:5      | 4736 ||| Stepping ~*~*~tactically~*~*~ (stealth).
  4762 | D:5      | Found a shimmering blue altar of Sif Muna.
  4767 | D:5      | Found Girerul's Firing Range.
  4841 | D:5      | Found a glowing drain.
  4959 | D:5      | Found a sacrificial altar of Ru.
  5002 | D:5      | Reached skill level 10 in Axes
  5020 | D:5      | Reached *** piety under Trog
  5141 | D:5      | 5141 ||| RIP SEWER
  5141 | D:5      | 5141 ||| PLANNING D:1-11
  5188 | D:5      | 5188 ||| READING scroll labelled FANYFUILIO.
  5389 | D:6      | 5389 ||| INVOKING Berserk.
  5396 | D:6      | Reached skill level 1 in Throwing
  5396 | D:6      | Reached XP level 8. HP: 69/69 MP: 7/7
  5523 | D:6      | Reached skill level 6 in Fighting
  5708 | D:6      | 5708 ||| Stepping ~*~*~tactically~*~*~ (stealth).
  5719 | D:6      | 5719 ||| Stepping ~*~*~tactically~*~*~ (hiding).
  5721 | D:6      | 5721 ||| Stepping ~*~*~tactically~*~*~ (hiding).
  5724 | D:6      | 5724 ||| INVOKING Berserk.
  5727 | D:6      | Reached skill level 11 in Axes
  5958 | D:6      | Noticed a two-headed ogre
  5960 | D:6      | 5960 ||| INVOKING Berserk.
  5965 | D:6      | Killed a two-headed ogre
  5966 | D:6      | Reached skill level 12 in Axes
  5966 | D:6      | Reached XP level 9. HP: 75/75 MP: 8/8
  6095 | D:6      | 6095 ||| INVOKING Berserk.
  6106 | D:6      | Reached skill level 6 in Armour
  6214 | D:6      | 6214 ||| INVOKING Berserk.
  6217 | D:6      | Reached skill level 13 in Axes
  6487 | D:6      | Noticed Maggie
  6505 | D:6      | Killed Maggie
  6615 | D:6      | Found a hazy altar of Hepliaklqana.
  6616 | D:6      | 6616 ||| SWAPPING to +0 war axe.
  6629 | D:6      | 6629 ||| DROPPING +0 vorpal hand axe.
  6665 | D:6      | 6665 ||| UPGRADING to +0 kite shield.
  6670 | D:6      | 6670 ||| DROPPING amulet of guardian spirit.
  6671 | D:6      | 6671 ||| UPGRADING to ring of protection from cold.
  6672 | D:6      | 6672 ||| READING 2 scrolls labelled MUSIUMAZUO.
  6673 | D:6      | 6673 ||| READING scroll of enchant weapon.
  6673 | D:6      | 6673 ||| ENCHANTING +1 war axe.
  6674 | D:6      | 6674 ||| READING scroll labelled UTWOPPILET.
  6675 | D:6      | 6675 ||| DRINKING 2 green potions.
  6676 | D:6      | 6676 ||| DROPPING potion of attraction.
  6697 | D:7      | Found a staircase to the Ecumenical Temple.
  6701 | D:7      | Reached skill level 1 in Shields
  6729 | D:7      | 6729 ||| INVOKING Berserk.
  6822 | D:7      | Noticed Pikel
  6827 | D:7      | 6827 ||| INVOKING Berserk.
  6831 | D:7      | Reached skill level 3 in Shields
  6831 | D:7      | Killed Pikel
  6850 | D:7      | 6850 ||| Stepping ~*~*~tactically~*~*~ (stealth).
  6852 | D:7      | 6852 ||| Stepping ~*~*~tactically~*~*~ (stealth).
  7088 | D:7      | 7088 ||| READING scroll of enchant weapon.
  7088 | D:7      | 7088 ||| ENCHANTING +2 war axe.
  7098 | D:7      | 7098 ||| Stepping ~*~*~tactically~*~*~ (stealth).
  7105 | D:7      | Reached skill level 6 in Shields
  7105 | D:7      | Reached XP level 10. HP: 84/86 MP: 9/9
  7108 | D:7      | 7108 ||| Stepping ~*~*~tactically~*~*~ (stealth).
  7113 | D:7      | 7113 ||| Stepping ~*~*~tactically~*~*~ (stealth).
  7340 | D:7      | 7340 ||| Stepping ~*~*~tactically~*~*~ (hiding).
  7394 | D:7      | Found an opulent altar of Gozag.
  7412 | D:7      | 7412 ||| Stepping ~*~*~tactically~*~*~ (stealth).
  7413 | D:7      | 7413 ||| Stepping ~*~*~tactically~*~*~ (stealth).
  7414 | D:7      | 7414 ||| Stepping ~*~*~tactically~*~*~ (stealth).
  7416 | D:7      | 7416 ||| Stepping ~*~*~tactically~*~*~ (stealth).
  7466 | D:7      | Found a stormy altar of Qazlal.
  7470 | D:7      | 7470 ||| UPGRADING to +0 cloak.
  7476 | D:7      | Reached **** piety under Trog
  7895 | D:7      | Noticed Duvessa
  7897 | D:7      | Noticed Dowan
  7898 | D:7      | 7898 ||| Stepping ~*~*~tactically~*~*~ (stealth).
  7900 | D:7      | 7900 ||| Stepping ~*~*~tactically~*~*~ (hiding).
  7901 | D:7      | 7901 ||| INVOKING Berserk.
  7902 | D:7      | Killed Duvessa
  7912 | D:7      | Killed Dowan
  8239 | D:7      | Noticed Menkaure
  8240 | D:7      | 8240 ||| Stepping ~*~*~tactically~*~*~ (hiding).
  8245 | D:7      | 8245 ||| INVOKING Berserk.
  8247 | D:7      | Killed Menkaure
  8354 | D:7      | 8354 ||| UPGRADING to ring of protection from fire.
  8355 | D:7      | 8355 ||| DRINKING 2 glowing green potions.
  8456 | D:7      | 8456 ||| DROPPING potion of ambrosia.
  8486 | D:8      | 8486 ||| Stepping ~*~*~tactically~*~*~ (water).
  8488 | D:8      | 8488 ||| INVOKING Berserk.
  8519 | D:8      | 8519 ||| Stepping ~*~*~tactically~*~*~ (stealth).
  8569 | D:8      | 8569 ||| Stepping ~*~*~tactically~*~*~ (stealth).
  8570 | D:8      | 8570 ||| Stepping ~*~*~tactically~*~*~ (stealth).
  8754 | D:8      | 8754 ||| Stepping ~*~*~tactically~*~*~ (stealth).
  8756 | D:8      | 8756 ||| Stepping ~*~*~tactically~*~*~ (hiding).
  8759 | D:8      | 8759 ||| Stepping ~*~*~tactically~*~*~ (hiding).
  8760 | D:8      | 8760 ||| Stepping ~*~*~tactically~*~*~ (hiding).
  8761 | D:8      | 8761 ||| Stepping ~*~*~tactically~*~*~ (hiding).
  8765 | D:8      | 8765 ||| DRINKING 7 potions of curing.
  8765 | D:8      | 8765 ||| (to cure confusion)
  8883 | D:8      | 8883 ||| INVOKING Berserk.
  8890 | D:8      | Reached skill level 9 in Shields
  9069 | D:8      | Found a burning altar of Makhleb.
  9071 | D:8      | 9071 ||| Stepping ~*~*~tactically~*~*~ (hiding).
  9077 | D:8      | 9077 ||| INVOKING Berserk.
  9152 | D:8      | Found a snail-covered altar of Cheibriados.
  9236 | D:8      | 9236 ||| INVOKING Berserk.
  9337 | D:8      | 9337 ||| INVOKING Berserk.
  9484 | D:8      | Noticed a moth of wrath
  9487 | D:8      | Found a transporter.
  9489 | D:8      | Found a bloodstained altar of Trog.
  9515 | D:8      | Noticed qw's ghost (novice TrCA)
  9521 | D:8      | 9521 ||| Stepping ~*~*~tactically~*~*~ (stealth).
  9523 | D:8      | 9523 ||| Stepping ~*~*~tactically~*~*~ (hiding).
  9728 | D:8      | Found a transporter.
  9829 | D:8      | 9829 ||| DROPPING +0 flail.
  9885 | D:8      | Found Vyseful's Fire Supplies.
  9898 | D:8      | 9898 ||| BUYING +0 chain mail of fire resistance (138
                  | gold).
  9898 | D:8      | Bought a +0 chain mail of fire resistance for 138 gold
                  | pieces
  9898 | D:8      | 9898 ||| BUYING +0 cloak of fire resistance (138 gold).
  9898 | D:8      | Bought a +0 cloak of fire resistance for 138 gold pieces
  9898 | D:8      | 9898 ||| SHOPLISTING +1 cloak of fire resistance (198 gold,
                  | have 144).
 10256 | D:8      | 10256 ||| UPGRADING to +1 chain mail of poison resistance.
 10266 | D:8      | 10266 ||| UPGRADING to +0 cloak of fire resistance.
 10276 | D:8      | 10276 ||| DROPPING +0 cloak.
 10277 | D:8      | 10277 ||| READING 4 scrolls of identify.
 10277 | D:8      | 10277 ||| IDENTIFYING coppery potion
 10278 | D:8      | 10278 ||| READING 3 scrolls of identify.
 10278 | D:8      | 10278 ||| IDENTIFYING cyan potion
 10279 | D:8      | 10279 ||| READING 2 scrolls of identify.
 10279 | D:8      | 10279 ||| IDENTIFYING red potion
 10280 | D:8      | 10280 ||| DROPPING potion of lignification.
 10415 | D:9      | 10415 ||| Stepping ~*~*~tactically~*~*~ (hiding).
 10419 | D:9      | 10419 ||| Stepping ~*~*~tactically~*~*~ (hiding).
 10420 | D:9      | 10420 ||| Stepping ~*~*~tactically~*~*~ (hiding).
 10452 | D:9      | 10452 ||| Stepping ~*~*~tactically~*~*~ (hiding).
 10523 | D:9      | Found a blossoming altar of Fedhas.
 10859 | D:9      | Noticed Erolcha
 10860 | D:9      | 10860 ||| INVOKING Trog's Hand.
 10863 | D:9      | 10863 ||| INVOKING Berserk.
 10868 | D:9      | Killed Erolcha
 10869 | D:9      | Reached skill level 14 in Axes
 11014 | D:9      | 11014 ||| INVOKING Berserk.
 11017 | D:9      | Found a staircase to the Lair.
 11182 | D:9      | 11182 ||| READING scroll of enchant armour.
 11182 | D:9      | 11182 ||| ENCHANTING +0 pair of gloves.
 11313 | D:9      | Reached XP level 11. HP: 60/94 MP: 10/10
 11633 | D:9      | 11633 ||| PLANNING LAIR
 11674 | Lair:1   | Entered Level 1 of the Lair of Beasts
 11723 | Lair:1   | 11723 ||| Stepping ~*~*~tactically~*~*~ (stealth).
 11772 | Lair:1   | 11772 ||| INVOKING Berserk.
 11850 | Lair:1   | Found the +6 shillelagh "Devastator" {shatter}
 11880 | Lair:1   | 11880 ||| Stepping ~*~*~tactically~*~*~ (stealth).
 11886 | Lair:1   | 11886 ||| Stepping ~*~*~tactically~*~*~ (stealth).
 11893 | Lair:1   | Reached skill level 15 in Axes
 11914 | Lair:1   | Reached skill level 9 in Fighting
 11919 | Lair:1   | 11919 ||| INVOKING Berserk.
 11922 | Lair:1   | Reached skill level 3 in Dodging
 12140 | Lair:1   | 12140 ||| Stepping ~*~*~tactically~*~*~ (stealth).
 12307 | Lair:1   | 12307 ||| INVOKING Berserk.
 12316 | Lair:1   | Reached skill level 16 in Axes
 12447 | Lair:1   | 12447 ||| INVOKING Berserk.
 12850 | Lair:1   | 12850 ||| Stepping ~*~*~tactically~*~*~ (hiding).
 12959 | Lair:1   | 12959 ||| READING 2 scrolls of identify.
 12959 | Lair:1   | 12959 ||| IDENTIFYING bubbling coppery potion
 12960 | Lair:1   | 12960 ||| DROPPING potion of berserk rage.
 12982 | Lair:2   | 12982 ||| INVOKING Berserk.
 12994 | Lair:2   | 12994 ||| STAIRDANCE
 13129 | Lair:2   | Found the +8 trident of the Octopus King {venom, rElec
                  | rPois}
 13137 | Lair:2   | 13137 ||| INVOKING Berserk.
 13285 | Lair:2   | Found a staircase to the Shoals.
 13286 | Lair:2   | 13286 ||| Stepping ~*~*~tactically~*~*~ (hiding).
 13291 | Lair:2   | 13291 ||| INVOKING Berserk.
 13307 | Lair:2   | 13307 ||| Stepping ~*~*~tactically~*~*~ (stealth).
 13486 | Lair:2   | Identified the +4 sling of Quesh {vorpal, rF+ rC- Int+3
                  | Stlth+}
 13570 | Lair:2   | 13570 ||| INVOKING Berserk.
 13734 | Lair:2   | Noticed a wolf spider
 13739 | Lair:2   | 13739 ||| INVOKING Berserk.
 13741 | Lair:2   | Reached XP level 12. HP: 106/106 MP: 11/11
 14150 | Lair:2   | 14150 ||| Stepping ~*~*~tactically~*~*~ (stealth).
 14151 | Lair:2   | 14151 ||| Stepping ~*~*~tactically~*~*~ (stealth).
 14161 | Lair:2   | 14161 ||| INVOKING Berserk.
 14209 | Lair:2   | 14209 ||| Stepping ~*~*~tactically~*~*~ (stealth).
 14210 | Lair:2   | 14210 ||| Stepping ~*~*~tactically~*~*~ (stealth).
 14211 | Lair:2   | 14211 ||| Stepping ~*~*~tactically~*~*~ (stealth).
 14213 | Lair:2   | 14213 ||| Stepping ~*~*~tactically~*~*~ (stealth).
 14243 | Lair:2   | 14243 ||| Stepping ~*~*~tactically~*~*~ (stealth).
 14250 | Lair:2   | 14250 ||| Stepping ~*~*~tactically~*~*~ (stealth).
 14254 | Lair:2   | 14254 ||| Stepping ~*~*~tactically~*~*~ (stealth).
 14261 | Lair:2   | 14261 ||| Stepping ~*~*~tactically~*~*~ (stealth).
 14307 | Lair:2   | Reached skill level 9 in Armour
 14498 | Lair:2   | Found a hole to the Spider Nest.
 14502 | Lair:2   | 14502 ||| INVOKING Berserk.
 14586 | Lair:2   | Found a runed translucent gate.
 14586 | Lair:2   | Found a runed translucent gate.
 14586 | Lair:2   | Found a runed translucent gate.
 14587 | Lair:2   | Found a viscous altar of Jiyva.
 14587 | Lair:2   | Noticed qw's ghost (journeyman TrCA)
 14840 | Lair:2   | 14840 ||| READING 4 scrolls of identify.
 14840 | Lair:2   | 14840 ||| IDENTIFYING viscous green potion
 14841 | Lair:2   | 14841 ||| READING 3 scrolls of identify.
 14841 | Lair:2   | 14841 ||| IDENTIFYING smoky emerald potion
 14842 | Lair:2   | 14842 ||| READING 2 scrolls of identify.
 14842 | Lair:2   | 14842 ||| IDENTIFYING viscous white potion
 14843 | Lair:2   | 14843 ||| DROPPING potion of flight.
 14844 | Lair:2   | 14844 ||| DROPPING potion of degeneration.
 14845 | Lair:2   | 14845 ||| DROPPING potion of magic.
 14879 | Lair:3   | 14879 ||| READING scroll of enchant weapon.
 14879 | Lair:3   | 14879 ||| ENCHANTING +3 war axe.
 14923 | Lair:3   | 14923 ||| Stepping ~*~*~tactically~*~*~ (stealth).
 14954 | Lair:3   | 14954 ||| Stepping ~*~*~tactically~*~*~ (stealth).
 14961 | Lair:3   | 14961 ||| INVOKING Berserk.
 14964 | Lair:3   | Noticed a five-headed hydra
 14976 | Lair:3   | Killed a ten-headed hydra
 14979 | Lair:3   | Reached skill level 12 in Shields
 15009 | Lair:3   | Reached skill level 12 in Fighting
 15234 | Lair:3   | 15234 ||| INVOKING Berserk.
 15235 | Lair:3   | HP: 31/168 [oklob plant/splash of acid (27)]
 15242 | Lair:3   | HP: 23/168 [oklob plant/splash of acid (10)]
 15248 | Lair:3   | 15248 ||| READING 4 scrolls of teleportation.
 15248 | Lair:3   | HP: 3/112 [oklob plant/splash of acid (13)]
 15248 | Lair:3   | Killed from afar by an oklob plant

Levels and vault maps discovered:
D:1:      dpeg_arrival_pits, layout_loops_ring, grunt_decor_one_mirror,
          minmay_misc_feat_ornament, st_stairs_5, nicolae_shop_vocational
D:2:      layout_basic, ebering_ecumenical_altar_rust, serial_shops, shop,
          kennysheep_small_spiral, uniq_terence
D:3:      layout_loops_ring, yredelemnul_forgotten_temple_becter,
          grunt_decor_cap
D:4:      layout_basic, nicolae_shop_self_help
D:5:      layout_rooms, mainiacjoe_overflow_catwalk, hangedman_ru_absence,
          nicolae_tso_besieged_by_evil, portal_sewer_entry_f,
          nicolae_shop_firing_range
D:6:      minmay_bubble_buster, layout_rooms,
          nicolae_hepliaklqana_monster_ancestors, uniq_maggie
D:7:      layout_basic, nicolae_qazlal_style_of_elements,
          general_overflow_altar, minmay_temple_entry_overgrown,
          minmay_increasing_density, uniq_duvessa, uniq_pikel, uniq_menkaure
D:8:      layout_loops_corners, mainiacjoe_overflow_24_doors, bloody_makhleb,
          serial_bayou, serial_bayou_pond_d, serial_bayou_ford_a,
          serial_bayou_pond_d, serial_bayou_lake_a, serial_bayou_pond_c,
          gammafunk_ghost_wrathful_warriors, nicolae_shop_fire_sale
          [nicolae_sub_dead_trees]
D:9:      layout_gridville, fedhas_altar_2, erik_lair_orcish_takeover,
          hangedman_fish_farm, uniq_erolcha
Lair:1:   layout_loops_ring, serial_bayou_shore_a
Lair:2:   layout_regular_city, minmay_shoals_entry_beasts,
          hellmonk_spider_entry_not_the_bees, gammafunk_ghost_ooze,
          nicolae_quartered_pool_impasse, nicolae_lair_run_with_the_wolves,
          serial_bayou_shore_b, grunt_megastairs_1, infiniplex_staircase_pool_2
Lair:3:   minmay_lair_oklob_chamber, layout_chaotic_city, grunt_megastairs_3

Skill      XL: |  1  2  3  4  5  6  7  8  9 10 11 12 |
---------------+-------------------------------------+-----
Axes           | 4 5 6 7 9 10 12 13 14 16 | 16.0
Fighting       | 4 5 6 7 8 10 12 | 12.0
Armour         | 3 4 5 6 7 9 |  9.6
Throwing       | 1 2 4 |  4.3
Shields        | 6 9 11 12 | 12.0
Dodging        | 3 4 |  4.3

Action                   |  1- 3 |  4- 6 |  7- 9 | 10-12 || total
-------------------------+-------+-------+-------+-------++-------
Melee: Hand axe          |    79 |   157 |   190 |       ||   426
       Headbutt          |    14 |    19 |    37 |   103 ||   173
       Punch             |       |     1 |     5 |       ||     6
       War axe           |       |       |    47 |   472 ||   519
Throw: Boomerang         |       |     9 |     4 |    35 ||    48
       Javelin           |       |       |    14 |    31 ||    45
Invok: Berserk           |     1 |     3 |     8 |    22 ||    34
       Trog's Hand       |       |       |       |     1 ||     1
  Use: Scroll            |     3 |    11 |     5 |    10 ||    29
       Potion            |       |     2 |     1 |     2 ||     5
 Stab: Distracted        |       |       |       |     1 ||     1
Armor: Animal skin       |    13 |       |       |       ||    13
       Ring mail         |     2 |     3 |       |       ||     5
       Chain mail        |       |    38 |       |   120 ||   158
       Plate armour      |       |     9 |    93 |    30 ||   132
Dodge: Dodged            |    45 |    35 |    42 |    80 ||   202
Block: Other             |     1 |    34 |    33 |       ||    68
       Reflection        |       |     1 |       |     2 ||     3
       Kite shield       |       |       |    27 |   320 ||   347

Table legend:
 A = Non-vault XP
 B = Vault XP
 C = Vault XP percentage of total XP
 D = Non-vault monster count
 E = Vault monster count
 F = Vault count percentage of total count
                 A         B        C        D         E       F
            +---------+---------+-------+---------+---------+-------
      Total |   20500 |   11795 |  36.5 |     228 |      86 |  27.4
            +---------+---------+-------+---------+---------+-------
        D:1 |      49 |       2 |   3.9 |      25 |       2 |   7.4
        D:2 |      42 |      36 |  46.2 |       9 |       1 |  10.0
        D:3 |      99 |       1 |   1.0 |      22 |       1 |   4.3
        D:4 |     144 |       0 |   0.0 |      12 |       0 |   0.0
        D:5 |     944 |      64 |   6.3 |      19 |      14 |  42.4
        D:6 |    1058 |    1947 |  64.8 |      22 |      16 |  42.1
        D:7 |    1148 |    1417 |  55.2 |      24 |      10 |  29.4
        D:8 |    1479 |       0 |   0.0 |      22 |       0 |   0.0
        D:9 |     931 |    1776 |  65.6 |      20 |      10 |  33.3
     Lair:1 |    7985 |       0 |   0.0 |      28 |       0 |   0.0
     Lair:2 |    4180 |    3012 |  41.9 |      12 |      17 |  58.6
     Lair:3 |    2441 |    3540 |  59.2 |      13 |      15 |  53.6
            +---------+---------+-------+---------+---------+-------
